 Dungeon Crawl Stone Soup version 0.31-a0-841-g038b102fc3 (webtiles) character file.

Game seed: 1071179693518029945

142 javelincjr the Sneak (level 5, 0/31 HPs)
             Began as an Octopode Hedge Wizard on Sept 27, 2023.
             Slain by Prince Ribbit (3 damage)
             ... on level 5 of the Dungeon.
             The game lasted 00:11:42 (3317 turns).

javelincjr the Sneak (Octopode Hedge Wizard)        Turns: 3317, Time: 00:11:43

Health: 0/31       AC:  3    Str:  9    XL:     5   Next: 24%
Magic:  7/10       EV: 13    Int: 25    God:
Gold:   142        SH:  0    Dex: 11    Spells: 6/11 levels left

rFire   . . .        a - +0 dagger (elec)
rCold   . . .        (no shield)
rNeg    . . .        z - +2 hat
rPois   .            (no amulet)
rElec   .            n - +6 ring of intelligence
rCorr   .            y - ring of flight
SInv    .            (no ring)
Will    .....        (no ring)
Stlth   +++          (no ring)
HPRegen 0.25/turn    (no ring)
MPRegen 0.12/turn    (no ring)
                     (no ring)

%: no passive effects
@: flying, very slightly contaminated
A: almost no armour, amphibious, 8 rings, camouflage 1, gelatinous body 1,
(nimble swimmer 1), tentacles
a: no special abilities


You were on level 5 of the Dungeon.
You visited 1 branch of the dungeon, and saw 5 of its levels.

You collected 142 gold pieces.

Inventory:

Hand Weapons
 a - a +0 dagger of electrocution (weapon)
 b - a +0 shortbow
 f - a +0 long sword of holy wrath
 m - a +0 dagger
Missiles
 l - 9 poisoned darts
Armour
 g - a +0 tower shield
 z - a +2 hat (worn)
Magical Staves
 t - a staff of cold
 w - a staff of air
Jewellery
 n - a +6 ring of intelligence (left tentacle)
 y - a ring of flight (right tentacle)
Wands
 s - a wand of quicksilver (8)
Scrolls
 d - a scroll of teleportation {unknown}
 e - 2 scrolls of noise {unknown}
 h - 2 scrolls of amnesia {unknown}
 j - a scroll of summoning {unknown}
 k - 6 scrolls of identify {unknown}
 u - a scroll of revelation {unknown}
 v - a scroll of enchant armour {unknown}
 x - a scroll of blinking {unknown}
Potions
 c - a potion of magic
 i - a potion of mutation {unknown}
 o - 2 potions of might {unknown}
 p - 2 potions of curing
 q - a potion of invisibility {unknown}
 r - a potion of heal wounds {unknown}
 A - a potion of berserk rage {unknown}


   Skills:
 + Level 2.6 Dodging
 + Level 3.9 Stealth
 + Level 3.5 Spellcasting
 + Level 2.1 Conjurations
 + Level 2.1 Summonings
 + Level 1.9 Translocations


You had 6 spell levels left.
You knew the following spells:

 Your Spells              Type           Power      Damage    Failure   Level
a - Magic Dart            Conj           60%        1d6       4%          1
b - Call Imp              Summ           30%        N/A       6%          2
c - Blink                 Tloc           28%        N/A       6%          2

Your spell library contained the following spells:

 Spells                   Type           Power      Damage    Failure   Level
 Slow                     Hex            16%        N/A       10%         1
 Call Canine Familiar     Summ           15%        N/A       12%         3
 Cigotuvi's Dreadful Rot  Necr/Pois/Air  8%         N/A       14%         2
 Mephitic Cloud           Conj/Pois/Air  8%         N/A       22%         3
 Sigil of Binding         Hex            4%         N/A       28%         3
 Dimensional Bullseye     Hex/Tloc       4%         N/A       54%         4
 Leda's Liquefaction      Hex/Erth       2%         N/A       67%         4


Dungeon Overview and Level Annotations

Branches:
Dungeon (5/15)
 Temple: D:4-7

Altars:
Elyvilon
Zin

Shops:
D:3 *

Annotations:
D:5 Prince Ribbit


Innate Abilities, Weirdness & Mutations

You cannot wear most types of armour.
You are amphibious.
You can wear up to eight rings at the same time.
Your skin changes colour to match your surroundings (Stealth+).
Your rubbery body absorbs attacks. (AC +1, EV +1)
((You are camouflaged when in or above water. (Stealth+)))
You have tentacles for arms and can constrict up to eight enemies at once.


Message History

Found a quarterstaff.
Prince Ribbit and 3 orcs come into view.
You see here a murky orange potion.
Casting: Call Imp (safe; 6% risk of failure)
Confirm with . or Enter, or press ? or * to list all spells.
A tiny devil pulls itself out of the air.
The orc shouts! x2; You hear a shout!
Prince Ribbit gives a loud, deep croak!
Prince Ribbit hits your cerulean imp.
An orc wizard comes into view. It is wielding a +0 dagger.
You swap places.
Prince Ribbit barely misses you.
Prince Ribbit hops awkwardly around.
Prince Ribbit hits you!!
Ouch! That really hurt!
Your cerulean imp closely misses Prince Ribbit.
You are too injured to fight recklessly!
You miss Prince Ribbit. Your grab misses Prince Ribbit.
An orc comes into view. It is wielding a +0 short sword.
Prince Ribbit completely misses you.
Your cerulean imp misses Prince Ribbit.
You swap places.
Prince Ribbit hits your cerulean imp.
Prince Ribbit lets out a mournful croak.
Prince Ribbit closely misses your cerulean imp.
Your cerulean imp closely misses Prince Ribbit.
You see here a murky orange potion.
Something hits your cerulean imp!
Your cerulean imp dies!
Your cerulean imp disappears in a puff of smoke!
Prince Ribbit blinks!
Casting: Call Imp (safe; 6% risk of failure)
Confirm with . or Enter, or press ? or * to list all spells.
You miscast Call Imp.
You are very lightly contaminated with residual magic.
Nothing appears to happen.
Prince Ribbit attacks as he pursues you!
Prince Ribbit barely misses you.
Prince Ribbit attacks as he pursues you!
Prince Ribbit hits you!
* * * LOW HITPOINT WARNING * * *
There is a stone staircase leading up, spattered with blood here.
Prince Ribbit barely misses you. Prince Ribbit hits you.
You die... ### ..# # #.# ##. ###.# #oo

...# #o#
#..# #o#
#..# #o#
#.@# #.#
#.F#####.#
#....o.oo#
##.#######
#.# ..#
#..# #.##
#)


You could see Prince Ribbit.

Vanquished Creatures
  5 adders
  A worm (D:3)
  3 dart slugs
  4 orcs
  5 ball pythons
  4 endoplasms
  4 giant cockroaches
  4 hobgoblins
  2 quokkas
  4 bats
  11 frilled lizards
  2 goblins
  6 kobolds
  A rat (D:3)
56 creatures vanquished.

Vanquished Creatures (collateral kills)
  An adder (D:2)
  A worm (D:4)
  6 orcs (D:3)
  An endoplasm (D:4)
  A goblin (D:4)
  2 frilled lizards (D:1)
12 creatures vanquished.

Grand Total: 68 creatures vanquished

Notes
Turn   | Place    | Note
-------+----------+-------------------------------------------
     0 | D:1      | javelincjr the Octopode Hedge Wizard began the quest for
                  | the Orb.
     0 | D:1      | Reached XP level 1. HP: 11/11 MP: 4/4
   263 | D:1      | Reached XP level 2. HP: 15/17 MP: 6/6
   266 | D:1      | Learned a level 2 spell: Call Imp
   269 | D:1      | Learned a level 2 spell: Blink
   995 | D:2      | Reached XP level 3. HP: 21/21 MP: 4/7
  1290 | D:2      | Reached XP level 4. HP: 9/27 MP: 3/8
  1823 | D:3      | Found Veniul's General Store.
  1909 | D:3      | Found a white marble altar of Elyvilon.
  2180 | D:3      | Reached XP level 5. HP: 21/31 MP: 7/10
  3035 | D:4      | Found a glowing silver altar of Zin.
  3245 | D:5      | Entered Level 5 of the Dungeon
  3245 | D:5      | Noticed an ogre
  3305 | D:5      | Noticed Prince Ribbit
  3317 | D:5      | Slain by Prince Ribbit

Illustrated notes

Levels and vault maps discovered:
D:1:      lightli_arrival_isolated_outpost, layout_loops_corners,
          palyth_stone_intersect, minmay_lizard_king
D:2:      layout_loops_ring
D:3:      layout_loops_ring, nicolae_elyvilon_peaceful_grove, serial_shops,
          shop_statue
D:4:      layout_cave_pools, zin_academy
D:5:      cheibrodos_two_vegetables, layout_loops_ring,
          mainiacjoe_overflow_boulevard, uniq_prince_ribbit1, uniq_edmund

Skill      XL: |  1  2  3  4 |
---------------+-------------+-----
Stealth        | 3 |  3.9
Conjurations   | 2 |  2.1
Summonings     | 2 |  2.1
Dodging        | |  2.6
Spellcasting   | |  3.5
Translocations | |  1.9

Action                     |  1- 3 |  4- 6 || total
---------------------------+-------+-------++-------
  Melee: Dagger            |       |    35 ||    35
         Constrict         |       |    11 ||    11
         Tentacles         |       |     8 ||     8
   Fire: Shortbow          |    78 |    26 ||   104
   Cast: Call Imp          |     7 |    19 ||    26
         Magic Dart        |     1 |    15 ||    16
    Use: Potion            |       |     1 ||     1
   Stab: Sleeping          |       |     3 ||     3
 Armour: Skin              |    18 |    18 ||    36
  Dodge: Dodged            |    40 |    31 ||    71

Table legend: (Time is in decaauts)
 A = Elapsed time spent in this place.
 B = Non-inter-level travel time spent in this place.
 C = Inter-level travel time spent in this place.
 D = Time resting spent in this place.
 E = Time spent auto-exploring this place.
 F = Levels seen in this place.
 G = Mean time per level.
                   A        B        C        D        E       F      G
               +--------+--------+--------+--------+--------+-----+--------+
         Total |   3355 |   3220 |    135 |     64 |   2523 |   5 |  671.0 |
       Dungeon |   3355 |   3220 |    135 |     64 |   2523 |   5 |  671.0 |
               +--------+--------+--------+--------+--------+-----+--------+

Top non-repeatable levels by time:
     D:1: 996 daAuts
     D:3: 941 daAuts
     D:2: 753 daAuts
     D:4: 639 daAuts
     D:5: 24 daAuts
